Map: NeoHumanity LE

Players

陈雯雯

  • Race: Protoss Protoss
  • Spawn Location: 5:00

winzboy

  • Race: Protoss Protoss
  • League: Gold
  • Spawn Location: 11:00

VOD

Have the link to the VOD?

Description

Time

  • Played on: May 27, 2023, 3:50 a.m.
  • Length: 5:24
Show
View Real Time Build Order
Export as new Build Order

陈雯雯 Protoss 

Build Orders:  

Get SALT Encoding   

  12  0:00  Probe (Chrono Boost)  
  13  0:10  Probe (Chrono Boost)  
  14  0:17  Pylon  
  14  0:22  Probe  
  15  0:38  Forge  
  15  0:41  Probe  
  16  0:53  Probe  
  16  0:54  Pylon  
  17  1:07  Pylon  
  17  1:18  Photon Cannon  
  17  1:26  Pylon  
  17  1:30  Photon Cannon  
  17  1:36  Pylon  
  17  1:45  Probe  
  18  1:53  Gateway  
  18  1:57  Probe  
  18  1:59  Assimilator  
  19  2:09  Probe  
  20  2:21  Probe  
  20  2:27  Photon Cannon  
  20  2:37  Probe  
  20  2:43  Cybernetics Core  
  20  2:48  Assimilator  
  20  2:49  Probe  
  21  3:01  Probe, Pylon  
  22  3:08  Pylon  
  22  3:13  Probe  
  23  3:24  Stargate  
  23  3:30  Probe (Chrono Boost)  
  24  3:40  Probe (Chrono Boost)  
  25  3:45  Photon Cannon  
  25  3:49  Pylon  
  25  3:54  Shield Battery  
  25  3:57  Probe  
  26  4:05  Oracle (Chrono Boost)  
  29  4:16  Nexus  
  29  4:26  Stargate  
  29  4:49  Void Ray (Chrono Boost)  
  33  5:02  Photon Cannon  
  33  5:04  Shield Battery  
Show
View Real Time Build Order
Export as new Build Order

winzboy Protoss 

Build Orders:  

Get SALT Encoding   

  12  0:01  Probe  
  13  0:16  Pylon  
  13  0:19  Probe  
  14  0:36  Probe, Gateway  
  14  0:42  Assimilator  
  15  0:54  Probe (Chrono Boost)  
  17  1:04  Probe (Chrono Boost)  
  17  1:09  Probe (Chrono Boost)  
  17  1:11  Gateway  
  18  1:24  Zealot (Chrono Boost)  
  20  1:26  Pylon  
  20  2:02  Cybernetics Core, Probe  
  20  2:04  Zealot (Chrono Boost)  
  20  2:08  Zealot (Chrono Boost)  
  21  2:14  Probe  
  24  2:37  Probe  
  25  2:49  Probe  
  26  3:43  Zealot  
  26  3:47  Assimilator  
  28  3:49  Warp Gate (Chrono Boost)  
  28  3:57  Zealot  
  30  4:07  Pylon  
  30  4:10  Pylon  
  30  4:12  Gateway  
  30  4:13  Robotics Facility  
  26  4:41  Nexus  
  26  4:45  Pylon  
  26  4:48  Pylon  
  26  4:56  Robotics Facility  
  26  5:02  Probe  
  26  5:05  Pylon  
Tags
 
League
Gold
Matchup
PvP
Replay Pack
Multiplayer
Spawn Locations
Cross Positions
Add a new tag
Caveats
  • Supply blocks, unpowered buildings, or Contaminate may cause inaccurate times.
  • Supply counts are checked every 10 seconds.